 Dungeon Crawl Stone Soup version 0.22-a0-430-g6609fc6 (webtiles) character file.

469 JeffiDaFish the Magician (level 6, 0/33 HPs)
             Began as a Deep Elf Fire Elementalist on May 27, 2018.
             Slain by a gnoll (5 damage)
             ... on level 4 of the Dungeon.
             The game lasted 00:08:24 (3964 turns).

JeffiDaFish the Magician (DEFE)                     Turns: 3964, Time: 00:08:25

Health: 0/33       AC:  6    Str:  5    XL:     6   Next: 82%
Magic:  6/16       EV: 14    Int: 22    God:
Gold:   84         SH:  0    Dex: 15    Spells: 8/16 levels left

rFire    + . .     SeeInvis +   f - +1 whip (venom)
rCold    . . .     Gourm    .   (no shield)
rNeg     . . .     Faith    .   j - +0 robe (curse)
rPois    .         Spirit   .   g - +2 helmet {SInv}
rElec    .         Reflect  .   (no cloak)
rCorr    .         Harm     .   n - +0 pair of gloves
MR       .....                  (no boots)
Stlth    ++........             (no amulet)
HPRegen  0.11/turn              k - ring of protection from fire
MPRegen  0.15/turn              (no ring)

@: no status effects
A: no striking features
a: no special abilities


You were on level 4 of the Dungeon.
You were not hungry.

You visited 1 branch of the dungeon, and saw 4 of its levels.

You collected 84 gold pieces.

Inventory:

Hand Weapons
 d - a +0 dagger
 e - a +2 vampiric dagger
 f - a +1 whip of venom (weapon)
 m - a +1 vampiric short sword
Armour
 g - a +2 helmet of see invisible (worn)
 i - a +0 robe
 j - a cursed +0 robe (worn)
 n - a +0 pair of gloves (worn)
Jewellery
 k - a ring of protection from fire (left hand)
Wands
 h - a wand of enslavement (15)
Scrolls
 b - 3 scrolls of identify
Potions
 l - 3 potions of flight
Comestibles
 c - 7 rations


   Skills:
 - Level 0.7 Fighting
 - Level 1.3 Maces & Flails
 + Level 3.9 Dodging
 - Level 3.1 Stealth
 * Level 5.5 Spellcasting
 * Level 3.3 Conjurations
 + Level 5.1 Fire Magic


You had 8 spell levels left.
You knew the following spells:

 Your Spells              Type           Power        Failure   Level  Hunger
a - Flame Tongue          Conj/Fire      ###..        1%          1    None
b - Conjure Flame         Conj/Fire      ###.....     4%          3    ##.....
c - Sticky Flame          Conj/Fire      ###.....     17%         4    ####...

Your spell library contained the following spells:

 Spells                   Type           Power        Failure   Level  Hunger
 Fireball                 Conj/Fire      ###.......   43%         5    #####..
 Throw Flame              Conj/Fire      ###...       2%          2    None
 Inner Flame              Hex/Fire       ###.....     10%         3    ##.....


Dungeon Overview and Level Annotations

Branches:
Dungeon (4/15)
 Temple: D:4-7

Altars:


Message History

The gnoll hits you.
* * * LOW HITPOINT WARNING * * *
Casting: Flame Tongue (safe; 1% risk of failure)
Confirm with . or Enter, or press ? or * to list all spells.
Aiming: Flame Tongue (safe; 1% risk of failure)
Press: ? - help, Shift-Dir - straight line, f/p - gnoll
Aim: a gnoll (lightly wounded)
The flame tongue hits the gnoll.
The gnoll appears unharmed.
The gnoll is lightly wounded.
The gnoll hits you.
* * * LOW HITPOINT WARNING * * *
Casting: Flame Tongue (safe; 1% risk of failure)
Confirm with . or Enter, or press ? or * to list all spells.
Aiming: Flame Tongue (safe; 1% risk of failure)
Press: ? - help, Shift-Dir - straight line, f/p - gnoll
Aim: a gnoll (lightly wounded)
The flame tongue hits the gnoll.
The gnoll is heavily wounded.
The gnoll hits you.
You die...

####### #.....# ##
#.###.# .####.###.#
.......##.###########
.####.รท.....(<..@g))#
## #.##..##.#.####.# #
#.##.....#...##).......
#
#.#....#####...........
# #.#..#... .###>#.##.#
#.#..###.# # .#.#
#.#).# ... .. . #.....
.# .# . .# ..


You could see a gnoll.

Vanquished Creatures
  2 orc priests (D:3)
  A hound (D:4)
  2 orc wizards (D:4)
  Terence (D:3)
  Jessica (D:2)
  Natasha (twice) (D:2)
  Robin (D:2)
  7 adders
  3 gnolls (D:4)
  An ooze (D:1)
  A worm (D:2)
  2 dart slugs
  2 leopard geckos
  9 orcs
  A ball python (D:1)
  6 bats
  4 giant cockroaches
  13 goblins
  6 hobgoblins
  9 jackals
  A quokka (D:2)
  2 frilled lizards (D:3)
  4 kobolds
  9 rats
90 creatures vanquished.

Vanquished Creatures (others)
  Natasha (D:2)
1 creature vanquished.

Grand Total: 91 creatures vanquished

Notes
Turn   | Place    | Note
-------+----------+-------------------------------------------
     0 | D:1      | JeffiDaFish the Deep Elf Fire Elementalist began the quest for the Orb.
     0 | D:1      | Reached XP level 1. HP: 10/10 MP: 6/6
   394 | D:1      | Reached XP level 2. HP: 15/15 MP: 5/8
  1156 | D:1      | Reached XP level 3. HP: 18/19 MP: 7/9
  1460 | D:2      | Noticed Robin
  1478 | D:2      | Killed Robin
  1809 | D:2      | Noticed Natasha
  1817 | D:2      | Killed Natasha
  1817 | D:2      | Reached XP level 4. HP: 21/24 MP: 2/11
  2297 | D:2      | Noticed Natasha
  2307 | D:2      | Killed Natasha
  2307 | D:2      | Reached skill level 1 in Maces & Flails
  2445 | D:2      | Noticed Natasha
  2448 | D:2      | Noticed Jessica
  2452 | D:2      | Killed Natasha
  2452 | D:2      | Reached XP level 5. HP: 14/28 MP: 7/12
  2455 | D:2      | Killed Jessica
  2658 | D:2      | Learned a level 3 spell: Conjure Flame
  2663 | D:2      | Learned a level 4 spell: Sticky Flame
  2995 | D:3      | Noticed Terence
  3005 | D:3      | Killed Terence
  3141 | D:3      | Reached XP level 6. HP: 31/33 MP: 4/15
  3404 | D:4      | Reached skill level 5 in Spellcasting
  3407 | D:4      | Reached skill level 5 in Fire Magic
  3964 | D:4      | Slain by a gnoll

Vault maps used:
D:1:      ncdulo_smallfort
D:2:      uniq_jessica, uniq_robin, uniq_natasha
D:3:      first_ration, uniq_terence

Skill      XL: |  1  2  3  4  5  6 |
---------------+-------------------+-----
Fire Magic     | 4 5 |  5.1
Dodging        | 3 |  3.9
Maces & Flails | 1 |  1.3
Stealth        | 3 |  3.1
Spellcasting   | 4 5 |  5.5
Conjurations   | 2 3 |  3.3
Fighting       | |  0.7

Action                   |  1- 3 |  4- 6 || total
-------------------------+-------+-------++-------
Melee: Whip              |    47 |    97 ||   144
 Cast: Flame Tongue      |    31 |    84 ||   115
       Conjure Flame     |       |     3 ||     3
       Sticky Flame      |       |     3 ||     3
  Use: Potion            |     5 |     2 ||     7
       Scroll            |     2 |     3 ||     5
 Stab: Sleeping          |       |     4 ||     4
  Eat: Chunk             |     3 |     7 ||    10
Armor: Robe              |    12 |    41 ||    53
Dodge: Dodged            |    44 |   101 ||   145

Table legend:
 A = Spawn XP
 B = Non-spawn XP
 C = Spawn XP percentage of total XP
 D = Spawn monster count
 E = Non-spawn monster count
 F = Spawn count percentage of total count
 G = Total turns spent on level
                    A         B        C        D         E        F      G
               +---------+---------+-------+---------+---------+-------+---------
         Total |       0 |     670 |   0.0 |       0 |      91 |   0.0 |  3964
               +---------+---------+-------+---------+---------+-------+---------
           D:1 |       0 |      41 |   0.0 |       0 |      22 |   0.0 |  1416
           D:2 |       0 |     206 |   0.0 |       0 |      26 |   0.0 |  1350
           D:3 |       0 |     198 |   0.0 |       0 |      23 |   0.0 |   591
           D:4 |       0 |     225 |   0.0 |       0 |      20 |   0.0 |   607
               +---------+---------+-------+---------+---------+-------+---------
